 Dungeon Crawl Stone Soup version 0.24.0-35-gdb84b6a5db (webtiles) character file.

Game seed: 17416958716678789405, levelgen mode: deterministic

7324 95kv the Unseen (level 10, -4/49 HPs)
             Began as a Felid Berserker on Nov 17, 2019.
             Was a High Priest of Trog.
             Blown up by a lich (29 damage)
             ... with a wavering orb of destruction
             ... on level 4 of the Abyss.
             The game lasted 01:50:36 (18319 turns).

95kv the Unseen (Felid Berserker)                  Turns: 18319, Time: 01:50:36

Health: -4/49      AC:  3    Str: 17    XL:     10   Next: 90%
Magic:  0/11       EV: 32    Int:  9    God:    Trog [*****.]
Gold:   577        SH:  0    Dex: 19    Spells: 9/9 levels left
                                        Lives:  0   Deaths: 2

rFire    . . .     SeeInvis +     - Unarmed
rCold    + . .     Gourm    .   (shield unavailable)
rNeg     . . .     Faith    .   (armour unavailable)
rPois    +         Spirit   +   (helmet unavailable)
rElec    .         Reflect  .   (cloak unavailable)
rCorr    .         Harm     .   (gloves unavailable)
MR       +++..                  (boots unavailable)
Stlth    +++++++...             G - amulet of guardian spirit
HPRegen  1.16/turn              I - +3 ring of dexterity
MPRegen  0.12/turn              p - ring of poison resistance

@: regenerating, hasted, very quick
A: very small, no armour, no weapons or thrown items, stealth, claws 1, fangs 3,
see invisible, carnivore, speed 1, shaggy fur 3, slow metabolism 1, sharp paws
a: Berserk, Trog's Hand, Brothers in Arms, Renounce Religion


You were on level 4 of the Abyss.
You worshipped Trog.
Trog was extremely pleased with you.
You were not hungry.

You visited 1 branch of the dungeon, and saw 14 of its levels.
You visited the Abyss 1 time.

You collected 687 gold pieces.
You spent 110 gold pieces at shops.

Inventory:

Jewellery
 p - a ring of poison resistance (right paw)
 t - a +4 ring of intelligence
 C - a cursed ring of teleportation
 G - an amulet of guardian spirit (around neck)
 I - a +3 ring of dexterity (left paw)
Wands
 r - a wand of enslavement (6)
 w - a wand of iceblast (7)
 z - a wand of clouds (5)
 E - a wand of polymorph (12)
Scrolls
 d - 2 scrolls of blinking
 f - 2 scrolls of noise {unknown}
 g - 2 scrolls of magic mapping
 i - 6 scrolls of teleportation
 l - 10 scrolls of remove curse
 n - 3 scrolls of random uselessness
 q - 4 scrolls of immolation {unknown}
 u - 2 scrolls of identify
 v - 3 scrolls of fear
 y - 2 scrolls of enchant weapon {unknown}
 B - 3 scrolls of enchant armour {unknown}
 F - a scroll of fog {unknown}
 J - a scroll of holy word {unknown}
Potions
 b - a potion of mutation {unknown}
 c - 2 potions of cancellation
 e - 3 potions of agility
 h - a potion of haste
 j - 4 potions of degeneration
 k - a potion of resistance {unknown}
 m - a potion of might {unknown}
 o - 5 potions of lignification
 s - 2 potions of heal wounds {unknown}
 x - a potion of magic {unknown}
 A - 4 potions of flight
 D - a potion of brilliance {unknown}
 K - a potion of curing
Miscellaneous
 H - a lamp of fire
 L - a box of beasts
Comestibles
 a - 27 rations


   Skills:
 * Level 9.5 Fighting
 + Level 15.4 Dodging
 + Level 16.2 Stealth
 * Level 9.5 Unarmed Combat


You had 9 spell levels left.
You didn't know any spells.
Your spell library was empty.

Dungeon Overview and Level Annotations

Branches:
Dungeon (14/15)            Temple (0/1) D:5             Orc (0/2) D:10
 Vaults (0/5) D:14
   Lair: D:8-11

Altars:
Makhleb
Xom
Yredelemnul

Shops:
D:14 (*?}!

Annotations:
D:7 1 runed translucent door, Crazy Yiuf, Menkaure
D:10 exclusion: 2 oklob saplings
D:11 Maurice
D:14 Louise, Nessos, Urug


Innate Abilities, Weirdness & Mutations

You cannot wear armour.
You are incapable of wielding weapons or throwing items.
Your paws allow you to move quietly. (Stealth)
You have sharp claws.
You have razor-sharp teeth.
You have supernaturally acute eyesight. (SInv)
You are carnivorous and can eat meat at any time.
You cover ground quickly.
Your thick and shaggy fur keeps you warm. (AC +3, rC+)
You have a slow metabolism.
Your sharp claws are effective at attacking unaware monsters.


Message History

The lich completely misses you.
You scratch the lich.
The lich is lightly damaged.
The lich touches you.
You scratch the lich but do no damage. You bite the lich, but do no damage.
The lich is lightly damaged.
The sixfirhy misses you. The sixfirhy completely misses you.
The lich closely misses you. The sixfirhy hits you! The sixfirhy shocks you!
The lich completely misses you.
You claw the lich! You bite the lich, but do no damage.
The lich is lightly damaged.
The sixfirhy misses you. x3; The lich touches you.
You scratch the sixfirhy.
The sixfirhy is heavily wounded.
The sixfirhy misses you. The lich touches you.
You feel yourself speed up.
The lich conjures a glowing orb.
The wavering orb of destruction weakly hits you!!
Ouch! That really hurt!
You die...

≈ ≈ . .# ≈ .#
.##.# .# ≈ ≈.
#.### .#.##..
≈≈##
#.#.##.....# ≈≈
≈ . #.#.#...#.##
≈ ≈≈ #
#.......#..##
≈≈≈ ≈ ##
.#.......§.#
≈≈≈#
##.....#..L3.###
≈≈≈ ## ..
.##.##@...§# ≈♣
#..###
.#####§.### ≈ ≈
...#...# #§.#
≈≈≈≈....##....
### ≈ .##.#.
≈≈≈#..#..# .. ≈≈
. ## .. .. ≈ #
.#. .. ≈ ≈ .. ..
..


You could see a lich and a sixfirhy.

Vanquished Creatures
  2 centaur warriors
  4 two-headed ogres
  4 unseen horrors
  A glowing orange brain (Abyss:4)
  2 manticores
  3 ugly things (D:13)
  2 cyclopes (D:12)
  A kobold demonologist (D:11)
  A redback zombie (D:13)
  4 trolls
  3 hornets (D:10)
  4 hippogriffs
  A dream sheep (shapeshifter) (Abyss:4)
  2 shadows
  3 yaks (D:14)
  A ynoxinul (Abyss:3)
  A wraith (D:12)
  2 wyverns
  6 humans
  A chaos spawn (Abyss:3)
  A hell hound (Abyss:3)
  A water moccasin (D:11)
  4 sky beasts
  3 phantoms
  3 ice beasts
  9 orc warriors
  2 black bears
  2 necrophages
  12 ogres
  13 centaurs
  7 bullfrogs
  5 small abominations (Abyss:3)
  6 scorpions
  4 killer bees (D:13)
  A wight (D:9)
  2 howler monkeys
  6 crimson imps
  A centaur zombie (D:10)
  2 bullfrog zombies (D:8)
  A quasit (Abyss:3)
  3 jellies
  2 centaur skeletons
  8 orc priests
  An iron imp (Abyss:3)
  7 hounds
  3 iguanas
  8 orc wizards
  17 worker ants
  2 howler monkey skeletons
  8 adders
  4 shadow imps
  2 oozes
  5 adder skeletons
  4 worms
  A dart slug (D:3)
  3 leopard geckos
  39 orcs
  11 bats
  3 giant cockroaches
  11 goblins
  6 hobgoblins
  13 jackals
  7 kobolds
  5 quokkas
  A ball python (D:10)
  A ball python skeleton (D:4)
  4 frilled lizards
  7 rats
  A plant (D:10)
320 creatures vanquished.

Vanquished Creatures (others)
  A lurking horror (Abyss:3)
1 creature vanquished.

Grand Total: 321 creatures vanquished

Notes
Turn   | Place    | Note
-------+----------+-------------------------------------------
     0 | D:1      | 95kv the Felid Berserker began the quest for the Orb.
     0 | D:1      | Reached XP level 1. HP: 10/10 MP: 2/2
    16 | D:1      | Reached skill level 1 in Stealth
    69 | D:1      | Reached XP level 2. HP: 14/14 MP: 3/3
   537 | D:1      | Reached ** piety under Trog
   557 | D:1      | Reached skill level 2 in Stealth
   649 | D:1      | Reached XP level 3. HP: 17/17 MP: 4/4
  1514 | D:2      | Found a burning altar of Makhleb.
  2286 | D:3      | Reached skill level 5 in Dodging
  2489 | D:3      | Reached XP level 4. HP: 21/21 MP: 5/5
  2588 | D:3      | Reached skill level 3 in Stealth
  3175 | D:4      | You fall into a shaft and drop 2 floors!
  3243 | D:5      | Entered Level 5 of the Dungeon
  3379 | D:5      | Found a staircase to the Ecumenical Temple.
  3419 | D:4      | Found the +2 pair of boots of the Assassin {Detection Stab+
                  | Stlth++}
  3481 | D:4      | Noticed an ogre
  3490 | D:4      | Killed an ogre
  3490 | D:4      | Reached skill level 4 in Stealth
  3490 | D:4      | Reached XP level 5. HP: 25/25 MP: 6/6
  3896 | D:4      | Gained mutation: You are covered in thick fur. (AC +2)
                  | [Felid growth]
  3896 | D:4      | Reached XP level 6. HP: 21/28 MP: 7/7
  4088 | D:4      | Reached skill level 5 in Stealth
  4915 | D:5      | Noticed a sky beast
  4937 | D:5      | Killed a sky beast
  4937 | D:5      | Reached *** piety under Trog
  4937 | D:5      | Reached skill level 6 in Stealth
  4937 | D:5      | Reached XP level 7. HP: 25/32 MP: 8/8
  6846 | D:6      | Reached skill level 7 in Stealth
  7049 | D:6      | Found a shimmering altar of Xom.
  7050 | D:6      | Found a shimmering altar of Xom.
  7058 | D:6      | Found a shimmering altar of Xom.
  7058 | D:6      | Found a shimmering altar of Xom.
  7138 | D:6      | Reached XP level 8. HP: 36/36 MP: 9/9
  7326 | D:6      | Found a shimmering altar of Xom.
  7487 | D:6      | Reached skill level 5 in Fighting
  7487 | D:6      | Reached skill level 8 in Stealth
  7544 | D:7      | Reached skill level 5 in Unarmed Combat
  8058 | D:7      | Found a basalt altar of Yredelemnul.
  8100 | D:7      | Reached skill level 9 in Stealth
  8204 | D:7      | Reached **** piety under Trog
  8246 | D:7      | Reached XP level 9. HP: 39/39 MP: 10/10
  8459 | D:7      | Noticed Menkaure
  8542 | D:7      | Reached skill level 10 in Dodging
  8547 | D:7      | Reached skill level 10 in Stealth
  8615 | D:7      | Found a runed translucent door.
  8615 | D:7      | Noticed Crazy Yiuf
  9201 | D:8      | Noticed a two-headed ogre
  9206 | D:8      | Killed a two-headed ogre
  9206 | D:8      | Reached skill level 11 in Stealth
  9625 | D:8      | Noticed a two-headed ogre
  9637 | D:8      | Killed a two-headed ogre
  9637 | D:8      | Reached XP level 10. HP: 45/45 MP: 11/11
  9911 | D:8      | Reached skill level 12 in Stealth
 10497 | D:10     | Entered Level 10 of the Dungeon
 10699 | D:10     | Found a staircase to the Orcish Mines.
 11524 | D:10     | Reached skill level 13 in Stealth
 11532 | D:10     | Reached ***** piety under Trog
 12128 | D:11     | Noticed Maurice
 12354 | D:11     | Noticed a manticore
 12363 | D:11     | Killed a manticore
 12632 | D:11     | Reached XP level 11. HP: 49/49 MP: 12/12
 12710 | D:11     | Noticed an unseen horror
 12726 | D:11     | Killed an unseen horror
 13075 | D:11     | Noticed a two-headed ogre
 13477 | D:12     | Noticed an unseen horror
 13490 | D:12     | Killed an unseen horror
 13628 | D:12     | Noticed a two-headed ogre
 13630 | D:12     | Killed a two-headed ogre
 13630 | D:12     | Reached skill level 14 in Stealth
 13686 | D:12     | Noticed an unseen horror
 13689 | D:12     | Killed an unseen horror
 14406 | D:13     | Noticed a centaur warrior
 14661 | D:13     | Noticed a yaktaur captain
 14661 | D:13     | Noticed a deep troll earth mage
 14661 | D:13     | Noticed a deep troll earth mage
 14661 | D:13     | Noticed a storm dragon
 14661 | D:13     | Noticed a fire giant
 14661 | D:13     | Noticed an unseen horror
 14904 | D:13     | Noticed an unseen horror
 14911 | D:13     | Killed an unseen horror
 14929 | D:13     | Reached skill level 15 in Stealth
 15017 | D:13     | Noticed a cyan ugly thing
 15021 | D:13     | Noticed a green ugly thing
 15195 | D:14     | Found Vottuen's Distillery.
 15465 | D:14     | Noticed a seven-headed hydra
 15545 | D:14     | Found Hullulel's Assorted Antiques.
 15553 | D:14     | Bought a scroll of identify for 72 gold pieces
 15597 | D:14     | Found Zistreb's Weapon Shoppe.
 15602 | D:14     | Noticed a centaur warrior
 15614 | D:14     | Killed a centaur warrior
 15627 | D:14     | Gained mutation: Your thick and shaggy fur keeps you warm.
                  | (AC +3, rC+) [Felid growth]
 15627 | D:14     | Reached XP level 12. HP: 56/56 MP: 10/13
 15791 | D:14     | Noticed Louise
 16493 | D:14     | Found a gate to the Vaults.
 16493 | D:14     | Noticed Nessos
 16493 | D:14     | Noticed Urug
 16493 | D:14     | Noticed a two-headed ogre
 16561 | D:13     | Reached skill level 15 in Dodging
 16624 | D:13     | HP: 3/84 [centaur warrior/arrow (12)]
 16624 | D:13     | Shot with an arrow by a centaur warrior
 16625 | D:13     | Reached XP level 11. HP: -3/78 MP: 0/12
 16680 | D:13     | Killed a centaur warrior
 16789 | D:14     | Found Aqiopt's Magic Scroll Shoppe.
 16797 | D:14     | Bought a scroll of fear for 38 gold pieces
 16813 | D:14     | Found Vagyegot's Gadget Shoppe.
 16822 | D:14     | Noticed an eight-headed hydra
 17171 | D:14     | Reached skill level 16 in Stealth
 17240 | D:14     | Killed a two-headed ogre
 17291 | D:14     | Cast into level 3 of the Abyss (Louise)
 17495 | Abyss:3  | Noticed a rakshasa
 17511 | Abyss:3  | Noticed a large abomination
 17526 | Abyss:3  | Noticed a wretched star
 17540 | Abyss:3  | Noticed a Hell Sentinel
 17570 | Abyss:3  | Mangled by a Hell Sentinel
 17571 | Abyss:3  | Reached XP level 10. HP: -11/73 MP: 0/11
 17654 | Abyss:3  | Noticed a hell hog
 17654 | Abyss:3  | Noticed a hell hog
 17654 | Abyss:3  | Noticed a hell hog
 17655 | Abyss:3  | Noticed a hell hog
 17655 | Abyss:3  | Noticed an apocalypse crab
 17806 | Abyss:3  | Noticed a tentacled starspawn
 17857 | Abyss:3  | Noticed a balrug
 17865 | Abyss:3  | Noticed a starcursed mass
 17976 | Abyss:3  | Noticed a tentacled starspawn
 18009 | Abyss:3  | Noticed a wizard
 18028 | Abyss:3  | Noticed a thrashing horror
 18029 | Abyss:3  | Noticed a thrashing horror
 18032 | Abyss:3  | Noticed a wretched star
 18095 | Abyss:3  | Noticed a black mamba
 18100 | Abyss:3  | Noticed an unseen horror
 18151 | Abyss:3  | Noticed a guardian serpent
 18158 | Abyss:3  | Noticed a shining eye
 18172 | Abyss:3  | Noticed a large abomination
 18199 | Abyss:4  | Noticed a starcursed mass
 18235 | Abyss:4  | Noticed a glowing orange brain
 18245 | Abyss:4  | Killed a glowing orange brain
 18304 | Abyss:4  | Noticed a sixfirhy
 18307 | Abyss:4  | Noticed a lich
 18319 | Abyss:4  | Blown up by a lich

Levels and vault maps discovered:
D:1:      minmay_arrival_radiant_lines, layout_basic
D:2:      layout_basic, bloody_makhleb
D:3:      minmay_spotlight, layout_loops_ring
D:4:      layout_gridville, dk_rats_in_the_wall
D:5:      layout_basic, temple_statues, first_ration,
          minmay_fractal_squares_gapless_5
D:6:      layout_loops_cross, xom_redecorated
D:7:      layout_loops_ring, basic_altar, uniq_menkaure, uniq_crazy_yiuf_cottage
D:8:      layout_loops_corners, nicolae_overflow_hidden_temple
D:9:      minmay_diamond_stairs, layout_irregular_city,
          overflow_temple_1_default, lair_entry_dummy
D:10:     layout_loops_ring, david_orc_2, hangedman_pestilent_swarm,
          kennysheep_nondescript, introduction_to_nature_2
D:11:     layout_long_grid, uniq_maurice
D:12:     layout_loops_ring
D:13:     minmay_connected_triangles_in_corner, layout_basic
D:14:     layout_loops_ring, david_vaults_3, kennysheep_donut, serial_shops,
          shop, nicolae_shop_temple_entry_statues_fountains, shop_statue, shop,
          nicolae_shop_statue_plus, uniq_louise
Abyss:4:  base: D:2, evilmike_abyss_rune_siren_acolytes, evilmike_abyss_exit_2,
          evilmike_abyss_rune_siren_acolytes, evilmike_abyss_exit_2

Skill      XL: |  1  2  3  4  5  6  7  8  9 10 11 12 |
---------------+-------------------------------------+-----
Stealth        | 1 2 4 6 7 9 11 13 16 | 16.2
Dodging        | 5 6 8 9 11 13 14 15 | 15.4
Unarmed Combat | 4 5 6 7 9 |  9.5
Fighting       | 4 5 6 7 9 |  9.5

Action                   |  1- 3 |  4- 6 |  7- 9 | 10-12 || total
-------------------------+-------+-------+-------+-------++-------
Melee: Unarmed           |   124 |   128 |   209 |   552 ||  1013
       Bite              |     6 |    11 |    21 |    79 ||   117
       Punch             |       |       |     6 |    22 ||    28
Invok: Berserk           |     1 |     7 |    16 |    34 ||    58
       Trog's Hand       |       |       |       |     4 ||     4
       Brothers in Arms  |       |       |       |     1 ||     1
  Use: Scroll            |     1 |     6 |     7 |     6 ||    20
       Potion            |       |       |     1 |    10 ||    11
 Stab: Sleeping          |     8 |    10 |    17 |    38 ||    73
       Distracted        |     1 |     1 |     2 |     4 ||     8
  Eat: Chunk             |    11 |     9 |    25 |    51 ||    96
Armor: Skin              |     2 |     7 |     3 |    14 ||    26
Dodge: Dodged            |    78 |   107 |   165 |   499 ||   849
